 Dungeon Crawl Stone Soup version 0.31-a0-971-g75a2e9a4b4 (webtiles) character file.

Game seed: 10904613421807964603

12 zenocrate the Shield-Bearer (level 2, -10/24 HPs)
             Began as a Formicid Fighter on Oct 28, 2023.
             Mangled by a gnoll
             ... wielding a +0 flail
              (12 damage)
             ... on level 1 of the Dungeon.
             The game lasted 00:00:21 (451 turns).

zenocrate the Shield-Bearer (Formicid Fighter)       Turns: 451, Time: 00:00:21

Health: -10/24     AC:  6    Str: 20    XL:     2   Next: 45%
Magic:  2/2        EV:  9    Int:  7    God:
Gold:   12         SH:  5    Dex: 13    Spells: 1/1 levels left

rFire   + . .        a - +0 war axe
rCold   . . .        c - +0 buckler
rNeg    . . .        b - +0 scale mail
rPois   .            (helmet unavailable)
rElec   .            (no cloak)
rCorr   .            (no gloves)
SInv    +            (no boots)
Will    .....        (no amulet) Stlth
                     e - ring of protection from fire
HPRegen 0.24/turn    (no ring)
MPRegen 0.08/turn

%: no passive effects
@: no status effects
A: permanent stasis, dig shafts and tunnels, antennae 3, four strong arms
a: Dig, Shaft Self


You were on level 1 of the Dungeon.
You visited 1 branch of the dungeon, and saw 1 of its levels.

You collected 12 gold pieces.

Inventory:

Hand Weapons
 a - a +0 war axe (weapon)
Armour
 b - a +0 scale mail (worn)
 c - a +0 buckler (worn)
Jewellery
 e - a ring of protection from fire (left hand)
Scrolls
 f - 2 scrolls of identify {unknown}
Potions
 d - 3 potions of might


   Skills:
 - Level 3.2 Fighting
 + Level 2.9 Axes
 - Level 3.2 Armour
 - Level 4.0 Shields


You had one spell level left.
You didn't know any spells.
Your spell library contained the following spells:

 Spells                   Type           Power      Damage    Failure   Level
 Cigotuvi's Dreadful Rot  Necr/Pois/Air  0%         N/A       94%         2
 Dispel Undead            Necr           0%         3d6       100%        4
 Death Channel            Necr           0%         N/A       100%        6


Dungeon Overview and Level Annotations

Branches:
Dungeon (1/15)

Altars:


Innate Abilities, Weirdness & Mutations

You cannot be hasted, slowed, berserked, paralysed or teleported.
You can dig through walls and to a lower floor.
You have a pair of large antennae on your head. (SInv)
Your four strong arms can wield two-handed weapons with a shield.


Message History

You kill the jackal!
The jackal bites you.
You are too injured to fight recklessly!
You slash the jackal!
You kill the jackal!
The bat closely misses you.
You are too injured to fight recklessly!
The bat hits you but does no damage.
Things that are here:
a jackal corpse; a jackal corpse; a jackal corpse You closely miss the bat.
The bat hits you but does no damage. x2
The bat closely misses you.
You slash the bat!
You kill the bat!
The gnoll hits you but does no damage.
You barely miss the gnoll. The gnoll hits you with a +0 flail.
You hit the gnoll.
The gnoll is lightly wounded.
The gnoll barely misses you.
Unknown command.
You hit the gnoll.
The gnoll is heavily wounded.
The gnoll hits you with a +0 flail.
* * * LOW HITPOINT WARNING * * *
The gnoll hits you with a +0 flail.
* * * LOW HITPOINT WARNING * * *
Unknown command.
You barely miss the gnoll.
The gnoll is heavily wounded.
You block the gnoll's attack.
Unknown command.
You barely miss the gnoll.
The gnoll is heavily wounded.
The gnoll closely misses you.
Unknown command.
You hit the gnoll.
The gnoll is almost dead.
The gnoll misses you. The gnoll hits you with a +0 flail!
Ouch! That really hurt!
You die...

#.# #.#### #.# #.##..
### #.# ####.##.#
##.###.# ##.....).#
##...##.###.#.#..###
#####..........###...>.#
..............## ##.##.#
######.######.###..##..
#@# ##.#.#..... #g#
##.####### #.# ### #.#
... ... ... ..... #####
##...##


You could see a gnoll.

Vanquished Creatures
  2 bats (D:1)
  3 jackals (D:1)
  2 frilled lizards (D:1)
  A goblin (D:1)
  3 kobolds (D:1)
  A rat (D:1)
12 creatures vanquished.

Notes
Turn   | Place    | Note
-------+----------+-------------------------------------------
     0 | D:1      | zenocrate the Formicid Fighter began the quest for the Orb.
     0 | D:1      | Reached XP level 1. HP: 18/18 MP: 1/1
   342 | D:1      | Reached XP level 2. HP: 18/24 MP: 2/2
   448 | D:1      | HP: 1/24 [gnoll/+0 flail (3)]
   451 | D:1      | Mangled by a gnoll

Illustrated notes

Levels and vault maps discovered:
D:1:      dpeg_arrival_three_bigger_balls, layout_loops_ring,
          dreamdust_ecumenical_altar_hidden_monk_grotto

Action                     || total
---------------------------++-------
  Melee: War axe           ||    44
 Armour: Scale mail        ||    31
  Dodge: Dodged            ||    19
  Block: Buckler           ||    12

Table legend: (Time is in decaauts)
 A = Elapsed time spent in this place.
 B = Non-inter-level travel time spent in this place.
 C = Inter-level travel time spent in this place.
 D = Time resting spent in this place.
 E = Time spent auto-exploring this place.
 F = Levels seen in this place.
 G = Mean time per level.
                   A        B        C        D        E       F      G
               +--------+--------+--------+--------+--------+-----+--------+
         Total |    467 |    467 |      0 |      0 |    360 |   1 |  467.0 |
       Dungeon |    467 |    467 |      0 |      0 |    360 |   1 |  467.0 |
               +--------+--------+--------+--------+--------+-----+--------+

Top non-repeatable levels by time:
     D:1: 467 daAuts
